 Dungeon Crawl Stone Soup version 1.1-6-g939b7aa (webtiles) character file.

53 Someone4956 the Charmwright (level 3, -1/46 HPs)
             Began as a Gnoll Skald on June 10, 2018.
             Slain by eyebeam's ghost (3 damage)
             ... on level 3 of the Dungeon.
             The game lasted 00:04:40 (1582 turns).

Someone4956 the Charmwright (Gnoll Skald)           Turns: 1582, Time: 00:04:40

Health: -1/46      AC: 21    Str: 13    XL:     3   Next: 87%
Magic:  9/9        EV:  2    Int: 18    God:
Gold:   178        SH:  2    Dex: 19    Spells: 5/12 levels left

rFire    . . .     SeeInvis .   a - +0 hand axe
rCold    . . .     Gourm    .   (no shield)
rNeg     + + +     Faith    .   (armour currently unavailable)
rPois    +         Spirit   .   (helmet currently unavailable)
rElec    .         Reflect  +   (cloak currently unavailable)
rCorr    .         Harm     .   (gloves currently unavailable)
MR       .....     NoTele   +   (boots currently unavailable)
Stlth    +++.......             b - +2 amulet of reflection
HPRegen  0.15/turn              (no ring)
MPRegen  0.11/turn              (no ring)

@: agile, tree-form (expiring), hasted, very quick
A: distributed training, clever 1, screaming 1, strong nose
a: no special abilities


You were on level 3 of the Dungeon.
You were not hungry.
You were a tree.
You visited 1 branch of the dungeon, and saw 3 of its levels.

You collected 178 gold pieces.

Inventory:

Hand Weapons
 a - a +0 hand axe (weapon)
Armour
 g - a +2 helmet (melded)
 n - a +0 plate armour (melded)
Jewellery
 b - a +2 amulet of reflection (around neck)
Scrolls
 c - a scroll of teleportation {unknown}
 e - a scroll of identify {unknown}
 i - a scroll of enchant weapon {unknown}
 k - a scroll of amnesia {unknown}
 l - 2 scrolls of blinking {unknown}
 o - a scroll of magic mapping {unknown}
Potions
 h - 2 potions of agility
Comestibles
 d - 6 rations


   Skills:
 + Level 4.6 Fighting
 + Level 1.0 Short Blades
 + Level 1.0 Long Blades
 + Level 4.6 Axes
 + Level 1.0 Maces & Flails
 + Level 1.0 Polearms
 + Level 1.0 Staves
 + Level 1.0 Slings
 + Level 1.0 Bows
 + Level 1.0 Crossbows
 + Level 1.0 Throwing
 + Level 2.6 Armour
 + Level 4.6 Dodging
 + Level 1.0 Stealth
 + Level 1.0 Shields
 + Level 1.0 Unarmed Combat
 + Level 5.0 Spellcasting
 + Level 0.7 Conjurations
 + Level 0.7 Hexes
 + Level 5.4 Charms
 + Level 0.7 Summonings
 + Level 0.7 Necromancy
 + Level 0.7 Translocations
 + Level 0.7 Transmutations
 + Level 0.7 Fire Magic
 + Level 0.7 Ice Magic
 + Level 0.7 Air Magic
 + Level 0.7 Earth Magic
 + Level 0.7 Poison Magic
 + Level 1.0 Invocations
 + Level 1.0 Evocations


You had 5 spell levels left.
You knew the following spells:

 Your Spells              Type           Power        Failure   Level  Hunger
a - Infusion              Chrm           ###.         1%          1    None
b - Regeneration          Chrm/Necr      ###.......   11%         3    ##.....
c - Spectral Weapon       Hex/Chrm       ###.....     11%         3    ##.....

Your spell library contained the following spells:

 Spells                   Type           Power        Failure   Level  Hunger
 Shroud of Golubria       Chrm/Tloc      ###.......   5%          2    #......
 Song of Slaying          Chrm           ###.....     2%          2    #......


Dungeon Overview and Level Annotations

Branches:
Dungeon (3/12)

Altars:

Annotations:
D:3 eyebeam's ghost, amateur FrCj


Innate Abilities, Weirdness & Mutations

Your experience applies equally to all skills.
((You have very sharp teeth.))
Your uncanny sense of smell can sniff out nearby items.
((You can translocate small distances at will.))
Your mind is acute. (Int +2)
You occasionally shout uncontrollably at your foes.


Message History

Eyebeam's ghost is lightly damaged.
You closely miss eyebeam's ghost.
Eyebeam's ghost is lightly damaged.
You block eyebeam's ghost's attack.
You hit eyebeam's ghost but do no damage.
Eyebeam's ghost is lightly damaged.
Eyebeam's ghost stares at you and mumbles some strange words.
Helpless, you fail to dodge the orb of energy.
* * * LOW HITPOINT WARNING * * *
The orb of energy explodes!
You miss eyebeam's ghost. Your punch misses eyebeam's ghost.
Eyebeam's ghost is lightly damaged.
Eyebeam's ghost hits you but does no damage.
You slash eyebeam's ghost!
Eyebeam's ghost is moderately damaged.
You hit eyebeam's ghost but do no damage.
Eyebeam's ghost is moderately damaged.
Your transformation is almost over.
Eyebeam's ghost hits you.
You die...

... #.. ∆ ...
#.####.. ######......
.......#... #..
.....#<. ##### #..
...#)#......
#.#######.#♣Wh.....
#.##........#b#....
#.##.####.#.# .. .
#.##.# #.#<# ...
#.##.# #.#.# .#.
#†##.# #.#.. #
####.##.## #.###
#........# #.#
#........##.....##..#


You could see eyebeam's ghost, a jackal and a bat.

Vanquished Creatures
  An adder (D:3)
  2 dart slugs
  3 leopard geckos (D:2)
  An orc (D:3)
  2 goblins (D:1)
  6 hobgoblins (D:1)
  2 jackals (D:3)
  A quokka (D:2)
  3 bats (D:1)
  2 frilled lizards (D:1)
  6 kobolds
  6 rats
35 creatures vanquished.

Notes
Turn   | Place    | Note
-------+----------+-------------------------------------------
     0 | D:1      | Someone4956 the Gnoll Skald began the quest for the Orb.
     0 | D:1      | Reached XP level 1. HP: 20/20 MP: 6/6
   151 | D:1      | Reached XP level 2. HP: 22/26 MP: 7/7
   848 | D:2      | Reached XP level 3. HP: 31/31 MP: 9/9
   869 | D:2      | Learned a level 3 spell: Regeneration
   873 | D:2      | Learned a level 3 spell: Spectral Weapon
   915 | D:2      | Reached skill level 5 in Spellcasting
  1504 | D:3      | Reached skill level 1 in Invocations
  1541 | D:3      | Noticed eyebeam's ghost (amateur FrCj)
  1547 | D:3      | Gained mutation: You occasionally shout uncontrollably at your foes. [potion of mutation]
  1547 | D:3      | Gained mutation: You can translocate small distances at will. [potion of mutation]
  1547 | D:3      | Gained mutation: Your mind is acute. (Int +2) [potion of mutation]
  1571 | D:3      | Reached skill level 1 in Short Blades
  1571 | D:3      | Reached skill level 1 in Long Blades
  1571 | D:3      | Reached skill level 1 in Maces & Flails
  1571 | D:3      | Reached skill level 1 in Polearms
  1571 | D:3      | Reached skill level 1 in Staves
  1571 | D:3      | Reached skill level 1 in Slings
  1571 | D:3      | Reached skill level 1 in Bows
  1571 | D:3      | Reached skill level 1 in Crossbows
  1571 | D:3      | Reached skill level 1 in Throwing
  1571 | D:3      | Reached skill level 1 in Stealth
  1571 | D:3      | Reached skill level 1 in Shields
  1571 | D:3      | Reached skill level 1 in Unarmed Combat
  1571 | D:3      | Reached skill level 1 in Evocations
  1579 | D:3      | HP: 2/46 [eyebeam's ghost/orb of energy (9)]
  1582 | D:3      | Slain by eyebeam's ghost

Skill      XL: |  1  2  3 |
---------------+----------+-----
Spellcasting   | 5 |  5.0
Invocations    | 1 |  1.0
Short Blades   | 1 |  1.0
Long Blades    | 1 |  1.0
Maces & Flails | 1 |  1.0
Polearms       | 1 |  1.0
Staves         | 1 |  1.0
Slings         | 1 |  1.0
Bows           | 1 |  1.0
Crossbows      | 1 |  1.0
Throwing       | 1 |  1.0
Stealth        | 1 |  1.0
Shields        | 1 |  1.0
Unarmed Combat | 1 |  1.0
Evocations     | 1 |  1.0
Fighting       | |  4.6
Axes           | |  4.6
Armour         | |  2.6
Dodging        | |  4.6
Conjurations   | |  0.7
Hexes          | |  0.7
Charms         | |  5.4
Summonings     | |  0.7
Necromancy     | |  0.7
Translocations | |  0.7
Transmutations | |  0.7
Fire Magic     | |  0.7
Ice Magic      | |  0.7
Air Magic      | |  0.7
Earth Magic    | |  0.7
Poison Magic   | |  0.7

Action                   || total
-------------------------++-------
Melee: Hand axe          ||   138
       Bite              ||    12
       Punch             ||     1
  Use: Potion            ||     4
 Stab: Sleeping          ||     3
  Eat: Chunk             ||     2
Armor: Leather armour    ||    13
       Skin              ||    27
       Plate armour      ||    11
Dodge: Dodged            ||    64
Block: Other             ||     6
